Map: [TLMC15] Glittering Ashes

Players

Rogue - Winner!

  • Race: Zerg Zerg

Dark

  • Race: Zerg Zerg

Event: DreamHack SC2 Masters 2021 Winter

VOD

Have the link to the VOD?

Description

Time

  • Played on: Nov. 11, 2021, 9:49 a.m.
  • Length: 12:23

All games in this series

Show
View Real Time Build Order
Export as new Build Order

Rogue Zerg - Winner!

Build Orders: 1 Base Baneling Bust, Pool First 

Get SALT Encoding   

  12  0:06  Extractor  
  11  0:20  Spawning Pool  
  10  0:24  Drone  
  11  0:29  Drone  
  12  0:36  Drone  
  13  0:49  Overlord  
  13  1:06  Zergling x2  
  13  1:08  Zergling x4  
  16  1:13  Metabolic Boost  
  16  1:18  Zergling x2  
  17  1:29  Baneling Nest  
  16  1:33  Zergling x2  
  17  1:41  Zergling x2  
  18  1:50  Zergling x2  
  19  2:00  Queen  
  21  2:04  Zergling x2  
  22  2:16  Overlord  
  22  2:18  Baneling x2  
  22  2:33  Baneling  
  22  2:36  Zergling x4  
  24  2:48  Drone  
  24  2:54  Drone  
  25  3:05  Drone  
  26  3:17  Hatchery  
  26  3:19  Drone  
  26  3:23  Drone  
  27  3:28  Drone  
  27  3:35  Overlord  
  27  3:39  Drone x2  
  29  3:50  Drone  
  29  3:53  Lair  
  30  3:57  Extractor  
  30  4:01  Drone  
  30  4:04  Drone  
  31  4:13  Drone x3  
  34  4:24  Overlord  
  34  4:29  Queen  
  36  4:32  Drone  
  36  4:35  Drone  
  38  4:43  Drone x2  
  38  4:44  Drone  
  41  4:56  Spire  
  40  5:01  Drone x2  
  40  5:03  Drone  
  43  5:07  Drone  
  43  5:10  Drone  
  45  5:15  Drone x3  
  45  5:18  Extractor  
  45  5:19  Extractor  
  46  5:23  Overlord  
  46  5:25  Drone  
  47  5:30  Drone x2  
  48  5:37  Drone  
  48  5:38  Drone x2  
  51  5:43  Overlord  
  51  5:45  Drone  
  51  5:47  Drone  
  51  5:49  Overlord  
  53  6:11  Mutalisk x5  
  63  6:21  Mutalisk x2  
  67  6:25  Drone x3  
  69  6:33  Hatchery, Mutalisk  
  69  6:38  Mutalisk  
  72  6:41  Overlord  
  72  6:47  Overlord  
  72  6:52  Drone x3  
  75  6:55  Zerg Flyer Armor Level 1  
  74  7:02  Drone x2  
  74  7:03  Drone x3  
  74  7:05  Mutalisk  
  81  7:10  Mutalisk  
  81  7:12  Drone x2  
  81  7:14  Drone  
  86  7:16  Extractor  
  86  7:22  Drone  
  86  7:27  Overlord x2  
  86  7:33  Mutalisk x2  
  86  7:36  Drone  
  91  7:37  Overlord x2  
  91  7:49  Mutalisk x2  
  95  7:51  Drone x2  
  95  7:53  Extractor  
  95  7:57  Overlord  
  95  8:03  Hatchery  
  94  8:08  Mutalisk x2  
  94  8:10  Drone x2  
  94  8:12  Queen  
  102  8:18  Mutalisk  
  102  8:19  Mutalisk  
  104  8:21  Zergling x8  
  110  8:30  Drone x4  
  110  8:31  Drone x2  
  115  8:37  Mutalisk x3  
  121  8:43  Mutalisk  
  121  8:44  Overlord  
  123  8:49  Zergling x6  
  126  8:57  Zerg Flyer Armor Level 2  
  126  8:58  Overlord  
  126  8:59  Drone x2  
  126  9:01  Extractor  
  127  9:08  Zergling x16  
  135  9:15  Mutalisk x2, Extractor  
  138  9:27  Drone  
  138  9:28  Drone x5  
  144  9:34  Mutalisk x2  
  144  9:35  Mutalisk  
  150  9:43  Mutalisk x2  
  150  9:44  Overlord x2  
  152  9:47  Zergling x2  
  152  9:48  Zergling x8  
  156  9:56  Mutalisk x2  
  156  9:58  Overlord x2  
  159  10:00  Spine Crawler  
  159  10:05  Infestation Pit  
  157  10:08  Mutalisk x3  
  157  10:10  Drone  
  157  10:11  Drone x4  
  168  10:17  Mutalisk  
  168  10:18  Mutalisk  
  171  10:22  Overlord  
  171  10:23  Overlord  
  171  10:24  Overlord  
  169  10:32  Mutalisk  
  169  10:33  Mutalisk x2  
  169  10:35  Overlord  
  171  10:38  Extractor  
  171  10:39  Overlord, Extractor  
  171  10:41  Overlord  
  164  10:51  Mutalisk  
  164  10:52  Mutalisk x2  
  169  10:58  Mutalisk  
  169  11:00  Zergling x10  
  170  11:04  Zergling x2  
  170  11:05  Zergling x10  
  166  11:16  Drone  
  166  11:17  Drone x2  
  164  11:20  Mutalisk  
  164  11:21  Mutalisk  
  168  11:31  Baneling x4  
  168  11:32  Zergling x8  
  172  11:33  Zergling x4  
  172  11:35  Mutalisk  
  174  11:41  Zergling x4  
  168  11:49  Mutalisk x3  
  168  11:54  Mutalisk  
  155  11:55  Zergling x10  
  145  12:04  Zergling x6  
Show
View Real Time Build Order
Export as new Build Order

Dark Zerg 

Build Orders: Hatch First 

Get SALT Encoding   

  12  0:00  Drone  
  13  0:12  Overlord  
  13  0:17  Drone  
  14  0:31  Drone x2  
  16  0:49  Hatchery  
  15  0:52  Drone  
  15  0:55  Drone  
  17  0:58  Drone  
  18  1:10  Extractor  
  17  1:13  Spawning Pool  
  17  1:16  Drone  
  17  1:20  Drone  
  18  1:29  Drone  
  19  1:40  Drone  
  20  1:51  Drone  
  21  2:00  Queen  
  25  2:01  Drone  
  25  2:02  Zergling x2  
  27  2:10  Spine Crawler  
  27  2:11  Zergling x2  
  27  2:12  Zergling x2  
  28  2:16  Baneling Nest  
  28  2:22  Zergling x2, Spine Crawler  
  25  2:25  Zergling x2  
  26  2:33  Overlord  
  26  2:35  Zergling x2  
  27  2:51  Queen  
  29  2:59  Baneling x3  
  29  3:01  Baneling  
  29  3:07  Overlord  
  29  3:09  Metabolic Boost  
  29  3:11  Overlord  
  29  3:24  Drone  
  29  3:26  Drone  
  29  3:27  Drone x2  
  33  3:30  Queen  
  35  3:38  Drone  
  36  3:50  Hatchery  
  35  3:55  Drone  
  35  3:56  Drone, Extractor  
  36  4:03  Drone  
  36  4:08  Lair  
  37  4:10  Drone  
  37  4:17  Drone  
  39  4:28  Drone  
  40  4:39  Overlord  
  40  4:45  Drone x3  
  43  4:51  Extractor  
  42  4:53  Extractor  
  42  4:56  Drone  
  42  5:02  Drone  
  43  5:08  Drone  
  43  5:10  Spire  
  43  5:14  Drone  
  43  5:16  Spine Crawler  
  43  5:18  Spine Crawler  
  42  5:21  Zergling x6  
  42  5:27  Drone x2  
  46  5:34  Drone x2  
  47  5:44  Overlord  
  47  5:46  Drone x3  
  50  6:00  Drone x4  
  54  6:06  Hatchery  
  54  6:08  Drone  
  54  6:10  Drone  
  54  6:13  Drone x2  
  56  6:18  Drone  
  56  6:24  Zerg Flyer Armor Level 1  
  57  6:25  Mutalisk  
  57  6:32  Mutalisk  
  61  6:33  Mutalisk  
  61  6:39  Mutalisk  
  65  6:41  Overlord  
  65  6:44  Overlord  
  65  6:47  Overlord  
  65  6:53  Overlord x2  
  65  6:59  Overlord  
  64  7:03  Mutalisk  
  64  7:07  Mutalisk x2  
  70  7:09  Mutalisk  
  70  7:14  Drone x3  
  75  7:18  Drone  
  75  7:20  Mutalisk  
  78  7:24  Extractor  
  78  7:26  Mutalisk  
  78  7:27  Mutalisk  
  81  7:30  Extractor  
  81  7:34  Drone x3  
  83  7:38  Mutalisk  
  83  7:43  Mutalisk x2  
  89  7:47  Drone x2  
  89  7:50  Drone x2  
  89  7:51  Mutalisk  
  93  7:57  Drone, Overlord  
  96  8:04  Overlord  
  96  8:09  Overlord  
  96  8:10  Mutalisk  
  98  8:13  Drone x2  
  98  8:18  Mutalisk x2  
  98  8:19  Zerg Flyer Weapons Level 1  
  104  8:24  Mutalisk x2  
  108  8:28  Drone x2  
  109  8:35  Mutalisk x2  
  113  8:43  Hatchery  
  113  8:46  Mutalisk x2  
  115  8:50  Drone x2  
  115  8:54  Drone x3  
  120  8:59  Mutalisk  
  120  9:00  Mutalisk  
  124  9:10  Overlord x3  
  124  9:12  Mutalisk  
  124  9:16  Drone x2  
  128  9:18  Extractor  
  128  9:20  Overlord  
  128  9:21  Mutalisk  
  129  9:26  Mutalisk, Extractor  
  129  9:29  Mutalisk x2  
  134  9:32  Drone  
  134  9:35  Drone x2  
  134  9:36  Mutalisk  
  139  9:49  Zergling x14  
  146  9:54  Mutalisk x3  
  152  10:00  Mutalisk  
  152  10:06  Zergling x4  
  152  10:07  Zergling x14  
  163  10:16  Mutalisk x2  
  163  10:18  Overlord x2  
  167  10:37  Mutalisk x5  
  168  10:50  Mutalisk x3  
  155  11:14  Mutalisk x3  
  155  11:15  Zergling x12  
  155  11:16  Zergling x24  
  174  11:21  Mutalisk  
  174  11:24  Overlord  
  176  11:25  Mutalisk  
  176  11:30  Zergling x4  
  168  11:47  Mutalisk x5  
  137  11:56  Mutalisk x2  
  137  12:00  Zergling x18  

Tags
 
Add a new tag
Caveats
  • Supply blocks, unpowered buildings, or Contaminate may cause inaccurate times.
  • Supply counts are checked every 10 seconds.